 Dungeon Crawl Stone Soup version 0.28-a0-895-g6e5f11bd55 (webtiles) character file.

Game seed: 6651172133172946523

192 vurker the Gusty (level 5, 0/41 HPs)
             Began as a Demigod Air Elementalist on Nov 22, 2021.
             Slain by a kobold brigand (4 damage)
             ... in a sewer.
             The game lasted 00:03:39 (3734 turns).

vurker the Gusty (Demigod Air Elementalist)         Turns: 3734, Time: 00:03:39

Health: 0/41       AC:  3    Str:  9    XL:     5   Next: 19%
Magic:  12/12      EV: 16    Int: 21    God:
Gold:   95         SH:  0    Dex: 14    Spells: 9/10 levels left

rFire   . . .      SeeInvis .   e - +0 short sword
rCold   . . .      Faith    .   (no shield)
rNeg    . . .      Spirit   .   a - +0 robe
rPois   .          Reflect  .   p - +0 helmet
rElec   .          Harm     .   (no cloak)
rCorr   .          Rampage  .   (no gloves)
Will    .....                   (no boots)
Stlth   +.........              (no amulet)
HPRegen 0.13/turn               m - +4 ring of evasion
MPRegen 0.13/turn               (no ring)

@: confused, lethally poisoned (0 -> -5), ambrosia-drunk
A: high mp 1, forlorn
a: no special abilities


You were in a sewer.
You visited 1 branch of the dungeon, and saw 3 of its levels.
You also visited: Sewer.

You collected 95 gold pieces.

Inventory:

Hand Weapons
 e - a +0 short sword (weapon)
   (You took it off a kobold on level 1 of the Dungeon)
Armour
 a - a +0 robe (worn)
 p - a +0 helmet (worn)
   (You took it off Robin on level 2 of the Dungeon)
Jewellery
 m - a +4 ring of evasion (left hand)
   (You found it on level 2 of the Dungeon)
Scrolls
 b - 2 scrolls of summoning {unknown}
 d - a scroll of silence {unknown}
 f - a scroll of identify
 h - a scroll of blinking {unknown}
 k - 2 scrolls of magic mapping {unknown}
 l - a scroll of amnesia {unknown}
 n - 5 scrolls of vulnerability {unknown}
 o - 2 scrolls of noise {unknown}
 q - a scroll of fog {unknown}
 s - a scroll of enchant armour {unknown}
Potions
 c - a potion of might {unknown}
 i - a potion of attraction
 j - a potion of brilliance


   Skills:
 + Level 1.8 Fighting
 - Level 1.7 Dodging
 - Level 1.7 Stealth
 * Level 3.1 Spellcasting
 + Level 2.0 Conjurations
 * Level 3.8 Air Magic


You had 9 spell levels left.
You knew the following spells:

 Your Spells              Type           Power      Damage    Failure   Level
a - Shock                 Conj/Air       60%        1d6       4%          1

Your spell library contained the following spells:

 Spells                   Type           Power      Damage    Failure   Level
 Static Discharge         Conj/Air       15%        N/A       6%          2
 Swiftness                Air            19%        N/A       9%          3
 Airstrike                Air            9%         N/A       26%         4


Dungeon Overview and Level Annotations

Branches:
Dungeon (3/15)              Sewer (1/1)


Innate Abilities, Weirdness & Mutations

Your attributes grow dramatically as you level up.
You have an increased reservoir of magic. (+10% MP)
You shall have no god before yourself.


Message History

The zap misses the kobold brigand.
The zap hits the kobold brigand.
The kobold brigand throws a curare-tipped dart.
The curare-tipped dart closely misses you.
There is an open door here.
You close the door.
A kobold brigand opens the door.
It is wielding a +0 short sword and quivering curare-tipped darts.
It's broken and can't be closed.
You don't have enough magic to cast this spell.
You don't have enough magic to cast this spell.
Aim: a kobold brigand, wielding a +0 club and quivering poisoned darts (heavily wounded, 64% to hit)
The zap hits the kobold brigand. x2
You aren't carrying any items that you can evoke.
Unknown command.
Okay, then.
As you read the scroll labelled LOUS DEUFETOLL, it crumbles to dust.
It is a scroll of identify.
i - a potion of attraction The kobold brigand hits you but does no damage.
As you read the scroll of identify, it crumbles to dust.
j - a potion of brilliance The kobold brigand hits you with a +0 short sword.
* * * LOW HITPOINT WARNING * * *
The kobold brigand closely misses you.
The kobold brigand throws a poisoned dart.
The poisoned dart hits you!
You are poisoned.
* * * LOW HITPOINT WARNING * * *
You feel sick.
The kobold brigand hits you with a +0 short sword!
* * * LOW HITPOINT WARNING * * *
It was a potion of curing.
You feel better. The kobold brigand closely misses you.
The kobold brigand throws a poisoned dart.
The poisoned dart hits you!
You are lethally poisoned!
Unknown command.
It was a potion of ambrosia.
You are confused.
You feel invigorated.
You feel very sick.
The kobold brigand hits you but does no damage.
You're too confused to move!
You feel sick.
The kobold brigand hits you with a +0 short sword!
* * * LOW HITPOINT WARNING * * *
The kobold brigand hits you with a +0 club.
* * * LOW HITPOINT WARNING * * *
* * * LOW HITPOINT WARNING * * *
You feel sick.
The kobold brigand hits you with a +0 short sword.
You die...

#....#≈≈≈#
##)'##≈≈≈#
#!.).#≈≈≈#
#....#K≈≈#
#..∩.#≈≈≈#
#..!!#≈≈≈#
######≈≈≈#
#.K.'≈≈≈#
#@K.#≈≈≈#
#...#≈≈≈#
#########


You could see 2 kobold brigands.

Vanquished Creatures
  Jessica (D:3)
  Robin (D:2)
  3 gnolls
  5 adders
  2 worms (D:3)
  2 dart slugs
  3 bats
  4 endoplasms
  5 giant cockroaches
  14 goblins
  7 hobgoblins
  10 kobolds
  2 quokkas
  A ball python (D:2)
  4 frilled lizards
  7 rats
71 creatures vanquished.

Vanquished Creatures (others)
  3 plants
3 creatures vanquished.

Grand Total: 74 creatures vanquished

Notes
Turn   | Place    | Note
-------+----------+-------------------------------------------
     0 | D:1      | vurker the Demigod Air Elementalist began the quest for the
                  | Orb.
     0 | D:1      | Reached XP level 1. HP: 14/14 MP: 5/5
    98 | D:1      | Reached skill level 1 in Conjurations
   455 | D:1      | Reached XP level 2. HP: 20/22 MP: 2/7
  1526 | D:2      | Reached XP level 3. HP: 27/27 MP: 0/9
  1535 | D:2      | Reached skill level 1 in Fighting
  1879 | D:2      | Noticed Robin
  1885 | D:2      | Killed Robin
  1886 | D:2      | Reached XP level 4. HP: 35/35 MP: 0/10
  3244 | D:3      | Noticed Jessica
  3252 | D:3      | Killed Jessica
  3253 | D:3      | Reached XP level 5. HP: 39/40 MP: 5/12
  3617 | D:3      | Found a glowing drain.
  3632 | Sewer    | Entered a sewer
  3730 | Sewer    | HP: 1/41 [kobold brigand (7)]
  3734 | Sewer    | Slain by a kobold brigand

Illustrated notes

Levels and vault maps discovered:
D:1:      dpeg_arrival_prison, layout_loops_corners, basic_ecumenical_altar,
          serial_bayou_crossing
D:2:      layout_basic, st_stairs_10, uniq_robin
D:3:      layout_loops_ring, portal_sewer_entry_d, uniq_jessica, uniq_sigmund
Sewer:    kennysheep_pipe_town

Skill      XL: |  1  2  3  4 |
---------------+-------------+-----
Conjurations   | 1 2 |  2.0
Spellcasting   | 2 3 |  3.1
Air Magic      | 3 |  3.8
Fighting       | 1 |  1.8
Dodging        | |  1.7
Stealth        | |  1.7

Action                   |  1- 3 |  4- 6 || total
-------------------------+-------+-------++-------
Melee: Unarmed           |     1 |       ||     1
       Short sword       |     1 |    15 ||    16
 Cast: Shock             |    71 |   112 ||   183
  Use: Scroll            |       |     2 ||     2
       Potion            |       |     2 ||     2
Armor: Robe              |       |     5 ||     5
Dodge: Dodged            |    13 |    52 ||    65

Table legend: (Time is in decaauts)
 A = Elapsed time spent in this place.
 B = Non-inter-level travel time spent in this place.
 C = Inter-level travel time spent in this place.
 D = Time resting spent in this place.
 E = Time spent auto-exploring this place.
 F = Levels seen in this place.
 G = Mean time per level.
                   A        B        C        D        E       F      G
               +--------+--------+--------+--------+--------+-----+--------+
         Total |   3761 |   3649 |    112 |    125 |   3001 |   4 |  940.2 |
       Dungeon |   3646 |   3534 |    112 |    125 |   2938 |   3 | 1215.3 |
         Sewer |    115 |    115 |      0 |      0 |     62 |   1 |  115.0 |
               +--------+--------+--------+--------+--------+-----+--------+

Top non-repeatable levels by time:
     D:1: 1553 daAuts
     D:2: 1475 daAuts
     D:3: 618 daAuts
   Sewer: 115 daAuts
